 Dungeon Crawl Stone Soup version 0.27.0-1-g7a089689b8 (webtiles) character file.

Game seed: 1947852691098211852

1413 mandarbmax the Grappler (level 8, -7/72 HPs)
             Began as a Troll Transmuter on Aug 7, 2021.
             Was a Believer of Okawaru.
             Mangled by a sixfirhy (9 damage)
             ... on level 1 of the Abyss.
             The game lasted 00:08:32 (4840 turns).

mandarbmax the Grappler (Troll Transmuter)          Turns: 4840, Time: 00:08:33

Health: -7/72      AC:  5    Str: 19    XL:     8   Next: 43%
Magic:  15/19      EV: 10    Int: 11    God:    Okawaru [**....]
Gold:   106        SH:  0    Dex: 10    Spells: 8/11 levels left

rFire    . . .     SeeInvis .     - Unarmed
rCold    . . .     Faith    .   (no shield)
rNeg     + . .     Spirit   .   a - +0 robe
rPois    .         Reflect  .   (helmet restricted)
rElec    .         Harm     .   p - +0 cloak
rCorr    .         Rampage  .   (gloves unavailable)
Will     .....                  (boots unavailable)
Stlth    +.........             (no amulet)
HPRegen  1.22/turn              h - ring of magical power
MPRegen  0.16/turn              x - ring of positive energy

@: wereblooded
A: large, unfitting armour, claws 3, regeneration 1, shaggy fur 1, tough skin 1
a: Renounce Religion, Heroism


You were on level 1 of the Abyss.
You worshipped Okawaru.
Okawaru was pleased with you.
You visited 1 branch of the dungeon, and saw 5 of its levels.
You visited the Abyss 1 time.

You collected 226 gold pieces.
You spent 120 gold pieces at shops.

Inventory:

Missiles
 w - 2 boomerangs
Armour
 a - a +0 robe (worn)
 p - a +0 cloak (worn)
Jewellery
 h - a ring of magical power (left claw)
 x - a ring of positive energy (right claw)
Wands
 s - a wand of polymorph (11)
 t - a wand of iceblast (14)
Scrolls
 c - a scroll of fog {unknown}
 d - a scroll of fear {unknown}
 f - a scroll of magic mapping {unknown}
 i - a scroll of enchant armour {unknown}
 k - a scroll of blinking {unknown}
 m - a scroll of teleportation {unknown}
 n - 4 scrolls of noise
 u - a scroll of brand weapon {unknown}
 v - a scroll of amnesia {unknown}
Potions
 b - a potion of brilliance
 e - a potion of degeneration
 g - a potion of invisibility
 j - 2 potions of ambrosia {unknown}
 l - 3 potions of attraction {unknown}
 o - a potion of mutation
 r - a potion of heal wounds


   Skills:
 - Level 2.0 Fighting
 - Level 2.0 Dodging
 + Level 8.9 Unarmed Combat
 - Level 2.0 Spellcasting
 - Level 2.0 Transmutations
 - Level 4.0 Invocations


You had 8 spell levels left.
You knew the following spells:

 Your Spells              Type           Power      Damage    Failure   Level
a - Beastly Appendage     Tmut           10%        N/A       13%         1
b - Wereblood             Tmut           5%         N/A       19%         2

Your spell library contained the following spells:

 Spells                   Type           Power      Damage    Failure   Level
 Sting                    Tmut/Pois      12%        1d3       19%         1
 Poisonous Vapours        Pois/Air       2%         N/A       41%         2
 Spider Form              Tmut/Pois      1%         N/A       50%         3
 Ignite Poison            Fire/Tmut/Pois 2%         N/A       56%         3
 Conjure Flame            Conj/Fire      1%         6-21      65%         3
 Ice Form                 Ice/Tmut       3%         N/A       88%         4
 Olgreb's Toxic Radiance  Pois           1%         N/A       96%         4
 Sticky Flame             Conj/Fire      1%         2d3       96%         4


Dungeon Overview and Level Annotations

Branches:
Dungeon (5/15)
 Temple: D:4-7

Altars:
Elyvilon
Kikubaaqudgha
Okawaru
The Shining One

Shops:
D:2 (   D:4 !


Innate Abilities, Weirdness & Mutations

You are too large for most types of armour.
You have claws for hands.
Your natural rate of healing is unusually fast.
You are covered in fur. (AC +1)
You have tough skin. (AC +1)


Message History

You grow a pair of large bovine horns.
Your feet morph into talons.
The ynoxinul gestures at you. The iron shot hits you!!
Your transformation is almost over.
Casting: Beastly Appendage (safe; 13% risk of failure)
Confirm with . or Enter, or press ? or * to list all spells.
Your blood is infused with primal strength.
The stone giant zombie hits you.
You scratch the stone giant zombie but do no damage.
You headbutt the stone giant zombie!
The stone giant zombie is lightly damaged.
Casting: Wereblood (safe; 19% risk of failure)
Confirm with . or Enter, or press ? or * to list all spells.
You miscast Beastly Appendage.
Nothing appears to happen.
The stone giant zombie hits you but does no damage.
The ynoxinul gestures.
You scratch the stone giant zombie.
The stone giant zombie is lightly damaged.
The stone giant zombie hits you!!
You scratch the stone giant zombie.
The stone giant zombie is lightly damaged.
The stone giant zombie hits you!!
* * * LOW HITPOINT WARNING * * *
Your horns disappear.
Your talons disappear.
A sixfirhy comes into view.
The sixfirhy moves out of view.
A large abomination comes into view.
Your magical contamination has completely faded away.
As you read the scroll labelled TUICOSIPAU, it crumbles to dust.
You hear a loud clanging noise!
It was a scroll of noise.
You hear a shout!
You hear a bellow!
You hear a shout!
You hear a bellow!
The sixfirhy hits you.
* * * LOW HITPOINT WARNING * * *
The sixfirhy shocks you!
* * * LOW HITPOINT WARNING * * *
The sixfirhy hits you.
* * * LOW HITPOINT WARNING * * *
The sixfirhy shocks you!
You die...

### .. .#
###.####..
≈.≈≈≈.#..X
#.≈≈≈≈≈≈≈≈
#........ #.3...#
###@#..##.###
.......#.#......#
..###.#.#.# .#. #
# ..###.#.....#
.##.
#.##........#...
.....##53##....###
#....Z#.###..#..##
#. ..##. ..## #.
...# .. . 3#.§..#
##.#.# #.


You could see a sixfirhy.

Vanquished Creatures
  The ghost of h3lee the Ruffian, a novice TrBe of Trog (D:5)
  Sigmund (D:2)
  A ynoxinul (Abyss:1)
  A necrophage (D:5)
  A phantom (D:4)
  A water moccasin skeleton (D:5)
  2 vampire bats (D:4)
  A jelly (D:4)
  A bullfrog skeleton (D:4)
  3 hounds
  An orc priest (D:2)
  An iguana (D:4)
  Natasha (twice) (D:2)
  An orc wizard (D:5)
  A howler monkey zombie (D:5)
  Robin (D:4)
  7 adders
  An ufetubus (Abyss:1)
  A dart slug (D:4)
  10 orcs
  9 ball pythons
  3 bat skeletons (D:4)
  3 bat zombies (D:4)
  5 endoplasms
  5 giant cockroaches
  15 goblins
  7 hobgoblins
  2 jackals (D:4)
  2 quokkas
  A bat (D:2)
  2 frilled lizards
  8 kobolds
  7 rats
108 creatures vanquished.

Vanquished Creatures (others)
  A plant (D:5)
1 creature vanquished.

Grand Total: 109 creatures vanquished

Notes
Turn   | Place    | Note
-------+----------+-------------------------------------------
     0 | D:1      | mandarbmax the Troll Transmuter began the quest for the
                  | Orb.
     0 | D:1      | Reached XP level 1. HP: 18/18 MP: 1/1
   345 | D:1      | Reached XP level 2. HP: 23/26 MP: 2/2
   873 | D:2      | Learned a level 2 spell: Wereblood
   916 | D:2      | Reached skill level 1 in Fighting
   925 | D:2      | Reached XP level 3. HP: 33/33 MP: 1/3
   950 | D:2      | Found a glowing golden altar of the Shining One.
  1023 | D:2      | Reached skill level 4 in Unarmed Combat
  1244 | D:2      | Noticed Natasha
  1248 | D:2      | Killed Natasha
  1260 | D:2      | Noticed Sigmund
  1266 | D:2      | Reached XP level 4. HP: 41/41 MP: 0/4
  1276 | D:2      | Killed Sigmund
  1277 | D:2      | Reached skill level 6 in Unarmed Combat
  1277 | D:2      | Reached XP level 5. HP: 33/48 MP: 1/5
  1570 | D:2      | Noticed Natasha
  1579 | D:2      | Killed Natasha
  1607 | D:2      | Found Zosevi's Antique Weapon Boutique.
  2085 | D:2      | Reached XP level 6. HP: 39/55 MP: 2/6
  2732 | D:3      | Found a glowing golden altar of the Shining One.
  3040 | D:4      | Found an iron altar of Okawaru.
  3071 | D:4      | Became a worshipper of Warmaster Okawaru
  3164 | D:4      | Found Kyoppism's Distillery.
  3172 | D:4      | Bought a potion of berserk rage for 60 gold pieces
  3172 | D:4      | Bought a potion of heal wounds for 60 gold pieces
  3234 | D:4      | Noticed Robin
  3235 | D:4      | Reached skill level 7 in Unarmed Combat
  3256 | D:4      | Killed Robin
  3416 | D:4      | Found a white marble altar of Elyvilon.
  3661 | D:4      | Found an ancient bone altar of Kikubaaqudgha.
  3673 | D:4      | Reached XP level 7. HP: 62/62 MP: 2/8
  3837 | D:4      | Reached skill level 1 in Invocations
  4007 | D:5      | Entered Level 5 of the Dungeon
  4055 | D:5      | Reached * piety under Okawaru
  4651 | D:5      | Found a runed translucent gate.
  4651 | D:5      | Found a runed translucent gate.
  4651 | D:5      | Found a runed translucent gate.
  4657 | D:5      | Noticed h3lee's ghost (novice TrBe)
  4734 | D:5      | Killed h3lee's ghost
  4734 | D:5      | Reached ** piety under Okawaru
  4735 | D:5      | Reached skill level 8 in Unarmed Combat
  4735 | D:5      | Reached XP level 8. HP: 72/72 MP: 10/10
  4741 | D:5      | Cast into level 1 of the Abyss (kobold)
  4741 | Abyss:1  | Found a corrupted altar of Lugonu.
  4836 | Abyss:1  | Noticed a sixfirhy
  4840 | Abyss:1  | HP: 3/72 [sixfirhy (10)]
  4840 | Abyss:1  | Mangled by a sixfirhy

Illustrated notes

Levels and vault maps discovered:
D:1:      nicolae_arrival_memento_mori, layout_loops_cross, lemuel_old_faithful
D:2:      layout_basic, serial_shops, nicolae_shop_statue_plus, basic_altar,
          uniq_sigmund, uniq_natasha
D:3:      layout_basic, tso_altar
D:4:      layout_basic, mainiacjoe_overflow_cross_hatched, elyvilon_altar_1,
          kennysheep_vampire_church, serial_shops, nicolae_shop_statue_plus,
          guppyfry_early_lair_pool, uniq_robin
D:5:      layout_basic, gammafunk_ghost_nasty_kobolds, serial_bayou_crossing
Abyss:1:  base:
D:2

Skill      XL: |  1  2  3  4  5  6  7  8 |
---------------+-------------------------+-----
Dodging        | 2 |  2.0
Fighting       | 1 2 |  2.0
Unarmed Combat | 4 6 7 8 |  8.9
Transmutations | 2 |  2.0
Spellcasting   | 2 |  2.0
Invocations    | 3 4 |  4.0

Action                   |  1- 3 |  4- 6 |  7- 9 || total
-------------------------+-------+-------+-------++-------
Melee: Unarmed           |    51 |   141 |    71 ||   263
       Kick              |     3 |    17 |    12 ||    32
       Headbutt          |     4 |    14 |     7 ||    25
       Punch             |     1 |     2 |     1 ||     4
 Cast: Beastly Appendage |    27 |    35 |    14 ||    76
       Wereblood         |     2 |     9 |     4 ||    15
  Use: Potion            |     1 |       |     1 ||     2
       Scroll            |       |       |     4 ||     4
 Stab: Sleeping          |     2 |       |       ||     2
Armor: Robe              |     9 |    78 |    21 ||   108
Dodge: Dodged            |    25 |   108 |    42 ||   175
